 Dungeon Crawl Stone Soup version 0.29-a0-8-g0446c0dae4 (webtiles) character file.

Game seed: 8524166323604438698

135 gruber the Conjurer (level 4, 0/33 HPs)
             Began as a Draconian Conjurer on Jan 27, 2022.
             Slain by an orc (5 damage)
             ... on level 4 of the Dungeon.
             The game lasted 00:03:15 (2709 turns).

gruber the Conjurer (Draconian Conjurer)            Turns: 2709, Time: 00:03:16

Health: 0/33       AC:  6    Str:  9    XL:     4   Next: 97%
Magic:  4/7        EV: 12    Int: 21    God:
Gold:   69         SH:  0    Dex:  9    Spells: 4/7 levels left

rFire   . . .      SeeInvis .   l - +1 short sword (venom)
rCold   . . .      Faith    .   (no shield)
rNeg    . . .      Spirit   .   (armour unavailable)
rPois   .          Reflect  .   (helmet restricted)
rElec   .          Harm     .   (no cloak)
rCorr   .          Rampage  .   a - +0 pair of gloves
Will    .....                   (no boots)
Stlth   +.........              (no amulet)
HPRegen 0.11/turn               (no ring)
MPRegen 0.10/turn               (no ring)

@: confused
A: AC +5, unfitting armour, cold-blooded
a: no special abilities


You were on level 4 of the Dungeon.
You visited 1 branch of the dungeon, and saw 4 of its levels.

You collected 69 gold pieces.

Inventory:

Hand Weapons
 l - a +1 short sword of venom (weapon)
Armour
 a - a +0 pair of gloves (worn)
Scrolls
 b - 2 scrolls of teleportation {unknown}
 e - a scroll of fog {unknown}
 f - a scroll of magic mapping {unknown}
 g - a scroll of blinking {unknown}
 k - 2 scrolls of fear {unknown}
Potions
 c - 2 potions of curing {unknown}
 d - a potion of brilliance {unknown}
 h - a potion of haste {unknown}
 i - a potion of heal wounds {unknown}
 j - a potion of flight {unknown}


   Skills:
 - Level 1.7 Dodging
 - Level 1.7 Stealth
 - Level 2.0 Spellcasting
 * Level 6.3 Conjurations


You had 4 spell levels left.
You knew the following spells:

 Your Spells              Type           Power      Damage    Failure   Level
a - Magic Dart            Conj           100%       1d8       1%          1
b - Searing Ray           Conj           56%        2d6       1%          2

Your spell library contained the following spells:

 Spells                   Type           Power      Damage    Failure   Level
 Dazzling Flash           Conj/Hex       30%        N/A       12%         3
 Corpse Rot               Necr/Air       4%         N/A       22%         2
 Poisonous Vapours        Pois/Air       4%         N/A       22%         2
 Fulminant Prism          Conj/Hex       7%         3d7       36%         4
 Iskenderun's Mystic Bla  Conj/Tloc      15%        2d5       36%         4
 Blade Hands              Tmut           1%         N/A       99%         5
 Iron Shot                Conj/Erth      7%         9d2       99%         6
 Animate Armour           Summ/Erth      Unusable   N/A       N/A         4

Dungeon Overview and Level Annotations

Branches:
Dungeon (4/15)
 Temple: D:4-7

Altars:
Trog
Wu Jian
Yredelemnul

Shops:
D:3 (

Annotations:
D:2 Sigmund


Innate Abilities, Weirdness & Mutations

Your plain brown scales are hard. (AC +5)
You cannot fit into any form of body armour.
You are cold-blooded and may be slowed by cold attacks.


Message History

Confirm with . or Enter, or press ? or * to list all spells.
Aiming: Searing Ray (safe; 1% risk of failure)
Press: ? - help, Shift-Dir - straight line, f - orc wizard
Aim: an orc wizard, wielding a +0 dagger and wearing a +0 robe (74% to hit)
The searing ray hits the orc wizard!
The orc wizard is severely wounded. (Press . to maintain the ray.)
The orc hits you but does no damage. The giant cockroach barely misses you.
The orc wizard gestures wildly while chanting.
The orc wizard flickers and vanishes!
Deactivating autopickup; reactivate with Ctrl-A.
The orc barely misses you. x2
Unknown command.
The searing ray hits something.
The giant cockroach misses you. The orc hits you with a +0 dagger.
You hear some strange, mumbled words.
You are confused.
The orc hits you with a +0 hand axe. x2
Unknown command.
Unknown command.
You kill the orc!
The giant cockroach bites you but does no damage.
The orc hits you but does no damage.
A centaur zombie comes into view.
You hear some strange, mumbled words.
You are more confused.
The orc closely misses you.
Unknown command.
You miss something. The giant cockroach closely misses you.
Something hits you but does no damage. The orc hits you with a +0 hand axe.
The orc barely misses you. The giant cockroach misses you.
You closely miss the giant cockroach. The giant cockroach barely misses you.
Something hits you but does no damage. The orc hits you with a +0 hand axe.
* * * LOW HITPOINT WARNING * * *
The orc hits you with a +0 hand axe.
* * * LOW HITPOINT WARNING * * *
You hit the orc.
The orc is poisoned.
The orc is moderately wounded.
The giant cockroach closely misses you. The orc hits you with a +0 hand axe.
You die...

......... .........
#$#.....## ####
#........####..#
.#...........).# .
.........###...### .
.........# ##....### ..
......oB#####......##
...#..)@# #....#....#
.#.Z..#{o.#.##..##..###
..........#)###........
.##.....)....[..#...##.
.........#.###...### .#
####..#.........#.## .#
#..##....###.#..###..
##.......###........
...............##.#


You could see 2 orcs, a centaur zombie and a giant cockroach.

Vanquished Creatures
  2 orc priests (D:4)
  3 adders
  A dart slug (D:1)
  4 orcs
  A bat (D:1)
  3 endoplasms
  A giant cockroach (D:4)
  5 goblins
  2 hobgoblins
  5 jackals (D:3)
  3 quokkas
  3 ball pythons
  A frilled lizard (D:1)
  3 kobolds
  4 rats
41 creatures vanquished.

Notes
Turn   | Place    | Note
-------+----------+-------------------------------------------
     0 | D:1      | gruber the Draconian Conjurer began the quest for the Orb.
     0 | D:1      | Reached XP level 1. HP: 14/14 MP: 3/3
   437 | D:1      | Reached XP level 2. HP: 20/20 MP: 1/5
  1074 | D:2      | Noticed Sigmund
  1245 | D:2      | Found a faded altar of an unknown god.
  1345 | D:3      | Reached skill level 5 in Conjurations
  1348 | D:3      | Learned a level 2 spell: Searing Ray
  1352 | D:3      | Reached XP level 3. HP: 26/26 MP: 0/6
  1558 | D:3      | Found Mucuafen's Antique Weapon Boutique.
  2103 | D:3      | Found a basalt altar of Yredelemnul.
  2103 | D:3      | Found a faded altar of an unknown god.
  2111 | D:3      | Found an ornate altar of the Wu Jian Council.
  2113 | D:3      | Found a bloodstained altar of Trog.
  2115 | D:3      | Found a faded altar of an unknown god.
  2425 | D:4      | Reached XP level 4. HP: 33/33 MP: 5/7
  2546 | D:4      | Reached skill level 6 in Conjurations
  2709 | D:4      | Slain by an orc

Illustrated notes

Levels and vault maps discovered:
D:1:      minmay_arrival_four_houses, layout_basic, minmay_misc_feat_plants
D:2:      layout_basic, basic_ecumenical_altar, chequers_decorated_corner,
          grunt_ministairs_2, uniq_sigmund
D:3:      layout_basic, chequers_temple_overflow_minitemple, serial_shops,
          nicolae_shop_temple_entry_statues_fountains
D:4:      layout_rooms

Skill      XL: |  1  2  3  4 |
---------------+-------------+-----
Conjurations   | 5 6 |  6.3
Dodging        | |  1.7
Stealth        | |  1.7
Spellcasting   | |  2.0

Action                   |  1- 3 |  4- 6 || total
-------------------------+-------+-------++-------
Melee: Unarmed           |     3 |       ||     3
       Quarterstaff      |    23 |     1 ||    24
       Tailslap          |     1 |     1 ||     2
       Short sword       |       |    15 ||    15
 Cast: Magic Dart        |    65 |    10 ||    75
       Searing Ray       |       |     3 ||     3
Armor: Skin              |    23 |    20 ||    43
Dodge: Dodged            |    27 |    16 ||    43

Table legend: (Time is in decaauts)
 A = Elapsed time spent in this place.
 B = Non-inter-level travel time spent in this place.
 C = Inter-level travel time spent in this place.
 D = Time resting spent in this place.
 E = Time spent auto-exploring this place.
 F = Levels seen in this place.
 G = Mean time per level.
                   A        B        C        D        E       F      G
               +--------+--------+--------+--------+--------+-----+--------+
         Total |   2720 |   2629 |     91 |     65 |   2255 |   4 |  680.0 |
       Dungeon |   2720 |   2629 |     91 |     65 |   2255 |   4 |  680.0 |
               +--------+--------+--------+--------+--------+-----+--------+

Top non-repeatable levels by time:
     D:3: 1072 daAuts
     D:1: 922 daAuts
     D:2: 394 daAuts
     D:4: 330 daAuts
